Map: [ESL] Hard Lead

Players

gumiho

  • Race: Terran Terran
  • Spawn Location: 5:00

Scarlett - Winner!

  • Race: Zerg Zerg
  • Spawn Location: 11:00

Event: IEM Katowice 2024

VOD

Have the link to the VOD?

Description

Time

  • Played on: Dec. 10, 2023, 7:13 p.m.
  • Length: 7:47

All games in this series

Show
View Real Time Build Order
Export as new Build Order

gumiho Terran 

Build Orders:  

Get SALT Encoding   

  12  0:00  SCV  
  13  0:12  SCV  
  14  0:17  Supply Depot  
  14  0:24  SCV  
  15  0:39  SCV  
  15  0:40  Barracks  
  16  0:52  Barracks  
  16  1:05  Barracks  
  16  1:08  SCV  
  17  1:20  SCV  
  18  1:27  Marine  
  18  1:32  Orbital Command  
  19  1:36  Supply Depot  
  19  1:39  Marine  
  20  1:45  Marine  
  21  1:53  Bunker  
  21  1:54  Marine  
  22  1:57  Marine  
  23  2:03  SCV  
  23  2:07  Marine  
  25  2:15  SCV  
  25  2:16  Refinery  
  25  2:19  Supply Depot  
  25  2:20  Marine  
  25  2:22  Marine  
  27  2:26  Marine  
  29  2:33  SCV  
  29  2:36  Refinery  
  30  2:39  Marine  
  30  2:40  Marine  
  31  2:44  Marine  
  31  2:48  Supply Depot  
  32  2:56  SCV  
  32  2:58  Barracks Tech Lab  
  30  3:12  SCV  
  31  3:13  Barracks Tech Lab  
  31  3:15  Barracks Tech Lab  
  31  3:18  Marauder  
  31  3:19  Concussive Shells  
  33  3:25  SCV  
  34  3:35  Marauder  
  34  3:37  SCV  
  34  3:40  Reaper  
  40  3:55  SCV  
  41  3:57  Stimpack, Marauder  
  41  4:01  Marauder  
  43  4:12  Marauder  
  45  4:19  Supply Depot  
  45  4:20  Marauder  
  47  4:30  SCV  
  45  4:34  Marauder  
  45  4:36  Marauder  
  42  4:41  Marauder  
  43  4:50  SCV  
  37  4:56  Marauder  
  37  4:58  Marauder  
  39  5:03  Marauder  
  37  5:12  Factory, SCV  
  38  5:17  Marauder  
  40  5:22  Marauder  
  38  5:30  Marauder  
  40  5:38  Marauder  
  38  5:43  Marauder  
  40  5:52  Marauder  
  42  6:00  Marauder  
  42  6:01  Starport  
  42  6:03  Factory Reactor  
  44  6:05  Marauder  
  46  6:16  Marine  
  47  6:20  Marine  
  48  6:25  Marine  
  49  6:34  Marauder  
  53  6:40  Supply Depot  
  55  6:55  Medivac  
  55  6:56  Medivac  
  55  7:02  Command Center  
  55  7:07  Factory Tech Lab  
  55  7:20  SCV  
  56  7:23  Supply Depot  
Show
View Real Time Build Order
Export as new Build Order

Scarlett Zerg - Winner!

Build Orders: Hatch First, Ravager All-In 

Get SALT Encoding   

  12  0:00  Drone  
  13  0:12  Overlord  
  13  0:17  Drone  
  14  0:31  Drone x2  
  16  0:47  Hatchery  
  15  0:51  Drone  
  15  0:54  Drone  
  17  0:57  Drone  
  18  1:09  Extractor  
  17  1:13  Spawning Pool  
  17  1:15  Drone  
  17  1:18  Drone  
  18  1:28  Drone  
  19  1:38  Drone  
  20  1:44  Extractor  
  19  1:50  Drone  
  20  1:59  Roach Warren  
  20  2:00  Queen x2  
  23  2:04  Drone  
  24  2:15  Overlord  
  24  2:19  Zergling x4  
  24  2:22  Drone  
  27  2:42  Roach x4  
  31  2:47  Roach  
  33  2:57  Roach  
  35  3:06  Ravager  
  35  3:08  Overlord  
  35  3:12  Spore Crawler, Ravager  
  36  3:14  Spore Crawler  
  36  3:16  Ravager  
  38  3:23  Overlord  
  38  3:31  Overlord  
  38  3:39  Overlord  
  38  3:42  Ravager  
  38  3:44  Drone x3  
  42  3:51  Ravager  
  43  3:58  Ravager  
  44  4:04  Zergling x6, Roach  
  49  4:16  Roach  
  48  4:39  Roach x4  
  45  4:57  Hatchery  
  42  5:02  Roach x2  
  42  5:04  Ravager x2  
  42  5:11  Zergling x4  
  41  5:17  Zergling x2  
  41  5:18  Ravager  
  43  5:30  Zergling x4  
  43  5:31  Ravager  
  43  5:34  Queen  
  45  5:41  Zergling x2  
  44  5:49  Metabolic Boost  
  44  5:52  Zergling x6  
  46  5:58  Zergling x2  
  47  6:05  Ravager  
  47  6:06  Zergling x2  
  47  6:10  Zergling x2  
  50  6:17  Zergling x2  
  51  6:19  Zergling x2  
  51  6:20  Zergling x2  
  51  6:21  Zergling x4  
  55  6:31  Zergling x4  
  55  6:32  Ravager  
  58  6:44  Zergling x4  
  59  6:52  Zergling x8  
  63  7:03  Zergling x8  
  67  7:14  Overlord  
  67  7:23  Overlord  
  67  7:27  Hatchery  
  63  7:33  Drone x8  

Tags
 
Add a new tag
Caveats
  • Supply blocks, unpowered buildings, or Contaminate may cause inaccurate times.
  • Supply counts are checked every 10 seconds.